 Dungeon Sprint DCSS version 0.28-a0-476-g0f06bd746f (webtiles) character file.

Game seed: 16679583406834855005

113 xpp the Covert (level 4, 0/27 HPs)
             Began as an Octopode Hedge Wizard on Sept 17, 2021.
             Was an Initiate of Dithmenos.
             Killed from afar by a hell hound (10 damage)
             ... with a blast of flame
             ... in the Dungeon (Sprint V: "Ziggurat Sprint").
             The game lasted 00:03:31 (153 turns).

xpp the Covert (Octopode Hedge Wizard)               Turns: 153, Time: 00:03:32

Health: 0/27       AC:  1    Str: 22    XL:     4   Next: 96%
Magic:  12/12      EV: 12    Int: 28    God:    Dithmenos [......]
Gold:   0          SH: 12    Dex: 23    Spells: 15/16 levels left

rFire   . . .      SeeInvis .   D - +5 quick blade
rCold   . . .      Faith    .   i - +3 kite shield
rNeg    . . .      Spirit   .   b - +0 hat
rPois   .          Reflect  .   (no amulet)
rElec   .          Harm     .   w - ring of flight
rCorr   .          Rampage  .   x - +6 ring of dexterity
Will    .....      NoTele   +   y - +6 ring of dexterity
Stlth   ++++++....              z - +6 ring of intelligence
HPRegen 0.09/turn               A - +6 ring of intelligence
MPRegen 0.13/turn               B - +6 ring of strength
                                C - +6 ring of strength
                                (no ring)

@: flying
A: almost no armour, amphibious, 8 rings, camouflage 1, gelatinous body 1,
(nimble swimmer 1), tentacles
a: Renounce Religion


You were in the Dungeon.
You worshipped Dithmenos.
Dithmenos was noncommittal.
You visited 1 branch

Inventory:

Hand Weapons
 D - a +5 quick blade (weapon)
 E - the +9 heavy crossbow "Sniper" {vorpal, Acc+∞ SInv}
   (You found it in the Dungeon)

   Any ammunition fired from it inflicts extra damage upon your enemies.
   Any ammunition fired from it never misses its target.
   SInv:      It lets you see invisible.
Missiles
 a - 1000 bolts
Armour
 b - a +0 hat (worn)
 i - a +3 kite shield (worn)
Jewellery
 w - a ring of flight (left tentacle)
 x - a +6 ring of dexterity (right tentacle)
 y - a +6 ring of dexterity (on tentacle)
 z - a +6 ring of intelligence (on tentacle)
 A - a +6 ring of intelligence (on tentacle)
 B - a +6 ring of strength (on tentacle)
 C - a +6 ring of strength (on tentacle)
Wands
 t - a wand of mindburst (7)
 u - a wand of iceblast (4)
 v - a wand of acid (7)
Scrolls
 h - 4 scrolls of blinking
 o - 4 scrolls of amnesia
 p - 7 scrolls of fog
 q - a scroll of holy word
 r - 5 scrolls of identify
 s - 2 scrolls of fear
Potions
 c - 10 potions of curing
 d - 10 potions of heal wounds
 e - 6 potions of haste
 f - 7 potions of magic
 g - 3 potions of berserk rage
 j - 2 potions of brilliance
 k - 2 potions of invisibility
 l - 4 potions of resistance
 n - 5 potions of might
Miscellaneous
 F - a lightning rod (4/4)


   Skills:
 + Level 3.3 Dodging
 + Level 11.2 Stealth
 + Level 6.6 Spellcasting
 + Level 1.1 Conjurations
 + Level 1.1 Summonings
 + Level 1.0 Translocations
 + Level 0.7 Evocations


You had 15 spell levels left.
You knew the following spells:

 Your Spells              Type           Power      Damage    Failure   Level
a - Magic Dart            Conj           60%        1d6       26%         1

Your spell library contained the following spells:

 Spells                   Type           Power      Damage    Failure   Level
 Blink                    Tloc           N/A        N/A       36%         2
 Call Imp                 Summ           15%        N/A       36%         2
 Static Discharge         Conj/Air       12%        N/A       43%         2
 Slow                     Hex            9%         N/A       52%         2
 Conjure Flame            Conj/Fire      12%        6-21      67%         3
 Mephitic Cloud           Conj/Pois/Air  11%        N/A       71%         3
 Lightning Bolt           Conj/Air       6%         1d18      100%        5
 Maxwell's Capacitive Co  Air            4%         ∞         100%        8


Dungeon Overview and Level Annotations

Branches:
Dungeon (1/1)

Altars:
Ashenzari
Cheibriados
Dithmenos
Elyvilon
Fedhas
Gozag
Hepliaklqana
Kikubaaqudgha
Makhleb
Nemelex Xobeh
Okawaru
Qazlal
Ru
Sif Muna
Trog
Uskayaw
Vehumet
Wu Jian
Xom
Yredelemnul
Zin
The Shining One
Beogh
Jiyva
Lugonu

Annotations:
D 1 transporter


Innate Abilities, Weirdness & Mutations

You cannot wear most types of armour.
You are amphibious.
You can wear up to eight rings at the same time.
Your skin changes colour to match your surroundings (Stealth+).
Your rubbery body absorbs attacks. (AC +1, EV +1)
((You are camouflaged near water. (Stealth+)))
You have tentacles for arms and can constrict up to eight enemies at once.


Message History

You kill the hell hound!
Dithmenos accepts your kill.
The iceblast engulfs the white imp!
The white imp partially resists.
You kill the white imp!
Dithmenos accepts your kill.
Your Dodging skill increases to level 3!
Your Stealth skill increases to level 11!
Your Spellcasting skill gained 3 levels and is now at level 6!
You have reached level 3!
Your experience leads to an increase in your attributes!
Your base attributes are Str 9, Int 16, Dex 11.
Increase (S)trength, (I)ntelligence, or (D)exterity?
You feel stronger.
You have reached level 4!
You pick up a book of Lightning and begin reading...
You add the spells Static Discharge, Lightning Bolt and Maxwell's Capacitive Coupling to your library.
You see here the +5 morningstar "Ledecsas" {vorpal, rN++ Int+4}.
There is a transporter here.
You start resting.
Magic restored.
Welcome to arena 2.
You enter the transporter and appear at another place. 3 hell hounds come into view.
The hell hound barks!
Found three items.
Found a transporter.
Aiming: Iceblast
Press: ? - help, Shift-Dir - straight line The mass of ice explodes!
The iceblast engulfs the hell hound!!
The hell hound is frozen!
The hell hound is almost dead.
The hell hound barks!
The iceblast engulfs the hell hound!
The hell hound is frozen!
The hell hound is heavily wounded.
The hell hound barks!
The hell hound breathes flames at you. The blast of flame hits you!
Ouch! That really hurt!
The hell hound breathes flames at you. The blast of flame hits you!
You die...

▓▓▓▓▓▓▓▓▓▓▓▓▓
▓.8©8.▓.8©8.▓
▓.:)|.▓.....▓
▓..h..▓.)...▓
▓h.h..▓..†..▓
▓.....▓.....▓
▓.....▓..©..▓
▓..@..▓▓▓▓▓▓▓
▓▓▓▓▓▓▓


You could see 3 hell hounds.

Vanquished Creatures
  A hell hound (D)
  A white imp (D)
2 creatures vanquished.

Notes
Turn   | Place    | Note
-------+----------+-------------------------------------------
     0 | D        | xpp the Octopode Hedge Wizard began the quest for the Orb.
     0 | D        | Reached XP level 1. HP: 11/11 MP: 4/4
     1 | D        | Found a blossoming altar of Fedhas.
     1 | D        | Found the +6 Majin-Bo {vamp, MP+6 Int+6}
     1 | D        | Found the +9 heavy crossbow "Sniper" {vorpal, Acc+∞ SInv}
     1 | D        | Found the +10 dark maul {vorpal}
     1 | D        | Found the +15 Maxwell's patent armour {-Cast -Tele rElec
                  | Will+ rCorr}
     1 | D        | Found the +18 shield of the Gong {rElec rN+ Will+ EV-5}
     1 | D        | Found the +14 obsidian axe {vorpal, Mesm Drain Fly SInv}
     1 | D        | Found the +7 great mace "Firestarter" {inner flame, rF++}
     1 | D        | Found the +6 shillelagh "Devastator" {shatter}
     1 | D        | Found the +11 plutonium sword {Contam Stlth-}
     1 | D        | Found the +8 lance "Wyrmbane" {slay drac, rPois rF+ rC+
                  | AC+3}
     1 | D        | Found the +9 sword of Zonguldrok {reap}
     1 | D        | Found the +13 scythe of Curses {drain, Drain}
     1 | D        | Found the +5 sword of Power {vorpal}
     1 | D        | Found the +7 mace of Variability {chain chaos}
     1 | D        | Found the +7 Singing Sword {vorpal, sonic wave}
     1 | D        | Found the +8 storm bow {elec, penet}
    10 | D        | Found a shimmering blue altar of Sif Muna.
    10 | D        | Found a sacrificial altar of Ru.
    10 | D        | Found a bloodstained altar of Trog.
    10 | D        | Found a stormy altar of Qazlal.
    10 | D        | Found an iron altar of Okawaru.
    10 | D        | Found a sparkling altar of Nemelex Xobeh.
    12 | D        | Found a transporter.
    12 | D        | Found an ancient bone altar of Kikubaaqudgha.
    12 | D        | Found a viscous altar of Jiyva.
    12 | D        | Found a corrupted altar of Lugonu.
    12 | D        | Found a hazy altar of Hepliaklqana.
    12 | D        | Found a burning altar of Makhleb.
    12 | D        | Found an opulent altar of Gozag.
    58 | D        | Reached skill level 10 in Stealth
    58 | D        | Reached XP level 2. HP: 17/17 MP: 6/6
   102 | D        | Became a worshipper of Dithmenos the Shadowed
   110 | D        | Entered arena 2.
   110 | D        | Noticed a hell hound
   110 | D        | Found a transporter.
   112 | D        | Killed a hell hound
   113 | D        | Reached skill level 11 in Stealth
   113 | D        | Reached XP level 3. HP: 21/21 MP: 7/11
   113 | D        | Reached XP level 4. HP: 27/27 MP: 7/12
   152 | D        | Entered arena 3.
   152 | D        | Noticed a hell hound
   152 | D        | Noticed a hell hound
   152 | D        | Noticed a hell hound
   152 | D        | Found a transporter.
   153 | D        | Killed from afar by a hell hound

Illustrated notes

Levels and vault maps discovered:
D:        sprint_v [room_start, room_1, room_2, room_3, room_4, room_5, room_6,
          room_7, room_8, room_9, room_10, room_11, room_12, room_13, room_14,
          room_15, room_16, room_17, room_18, room_19, room_20, room_21,
          room_22, room_23, room_24, room_25, room_26, room_27]

Skill      XL: |  1  2 |
---------------+-------+-----
Stealth        | 10 11 | 11.2
Dodging        | 3 |  3.3
Spellcasting   | 6 |  6.6
Conjurations   | |  1.1
Summonings     | |  1.1
Translocations | |  1.0
Evocations     | |  0.7

Action                   |  1- 3 |  4- 6 || total
-------------------------+-------+-------++-------
Evoke: Wand              |     2 |     1 ||     3
  Use: Potion            |     1 |       ||     1

Table legend: (Time is in decaauts)
 A = Elapsed time spent in this place.
 B = Non-inter-level travel time spent in this place.
 C = Inter-level travel time spent in this place.
 D = Time resting spent in this place.
 E = Time spent auto-exploring this place.
 F = Levels seen in this place.
 G = Mean time per level.
                   A        B        C        D        E       F      G
               +--------+--------+--------+--------+--------+-----+--------+
         Total |    149 |    149 |      0 |     31 |      0 |   1 |  149.0 |
       Dungeon |    149 |    149 |      0 |     31 |      0 |   1 |  149.0 |
               +--------+--------+--------+--------+--------+-----+--------+

Top non-repeatable levels by time:
       D: 149 daAuts
